 Dungeon Crawl Stone Soup version 0.21-a0-78-g82a99e0 (webtiles) character file.

5160 Ijustatesigmund the Warmonger (level 10, -7/72 HPs)
             Began as an Octopode Artificer on June 21, 2017.
             Was an Elder of Okawaru.
             Mangled by a two-headed ogre
             ... wielding a +0 giant club
              (25 damage)
             ... on level 8 of the Dungeon.
             The game lasted 00:30:39 (6903 turns).

Ijustatesigmund the Warmonger (Octopode Artificer)  Turns: 6903, Time: 00:30:40

Health: -7/72      AC:  1    Str: 17    XL:     10   Next: 59%
Magic:  14/16      EV: 20    Int: 13    God:    Okawaru [****..]
Gold:   363        SH:  4    Dex: 16    Spells: 9/9 levels left

rFire    . . .     SeeInvis .   a - +1 short sword (vamp)
rCold    . . .     Gourm    .   (no shield)
rNeg     . . .     Faith    .   (helmet restricted)
rPois    .         Spirit   .   j - amulet of regeneration
rElec    .         Reflect  .   i - +3 ring of strength
rCorr    .         Harm     .   m - +2 ring of strength
MR       +....                  s - ring of stealth
Stlth    +++++++...             v - ring of wizardry
HPRegen  0.62/turn              (no ring)
MPRegen  0.15/turn              (no ring)
                                (no ring)
                                (no ring)

@: about to teleport, heroism
A: almost no armour, stealthy swim, amphibious, 8 rings, constrict 8, large bone
plates 1, camouflage 1, magic resistance 1, sense surroundings 1, gelatinous
body 1
a: Heroism, Renounce Religion


You were on level 8 of the Dungeon.
You worshipped Okawaru.
Okawaru was greatly pleased with you.
You were not hungry.

You visited 2 branches of the dungeon, and saw 9 of its levels.
You also visited: Sewer.

You collected 434 gold pieces.
You spent 71 gold pieces at shops.

Inventory:

Hand Weapons
 a - a +1 vampiric short sword (weapon)
 n - a +2 dagger of venom
 t - a +4 dagger of chaos
 x - a +2 scimitar of flaming
Jewellery
 i - a +3 ring of strength (left tentacle)
 j - an amulet of regeneration (around mantle)
 m - a +2 ring of strength (right tentacle)
 s - a ring of stealth (on tentacle)
 v - a ring of wizardry (on tentacle)
Wands
 b - a wand of flame (3/48)
 c - a wand of enslavement (6/24)
 d - a wand of random effects (12/48)
 y - a wand of flame (38/48)
 B - a wand of acid (8/15)
Scrolls
 e - 3 scrolls of teleportation
 h - 4 scrolls of identify
 p - 2 scrolls of immolation
 r - a scroll of amnesia
 C - a scroll of magic mapping
Potions
 g - 3 potions of brilliance
 k - 2 potions of magic
 l - a potion of mutation
 o - a potion of curing
 u - a potion of might
 A - a potion of heal wounds
Comestibles
 f - 9 bread rations
 q - 2 meat rations
 z - 2 royal jellies


   Skills:
 - Level 8.3(13.3) Fighting
 - Level 8.4(13.4) Short Blades
 + Level 5.0(10.0) Dodging
 - Level 5.5(10.5) Stealth
 + Level 8.6 Invocations
 - Level 3.2 Evocations


You had 9 spell levels left.
You didn't know any spells.

Dungeon Overview and Level Annotations

Branches:
Dungeon (8/15)             Temple (1/1) D:5
   Lair: D:8-11

Altars:
Ashenzari
Dithmenos
Elyvilon
Fedhas
Gozag
Hepliaklqana
Kikubaaqudgha
Nemelex Xobeh
Okawaru
Sif Muna
Trog
Uskayaw
Wu Jian
Xom
Yredelemnul
Zin
The Shining One

Shops:
D:5 *:*

Annotations:
D:2 1 runed door


Innate Abilities, Weirdness & Mutations

You cannot wear most types of armour.
You are very stealthy in the water. (Stealth+)
You are amphibious.
You can wear up to eight rings at the same time.
You can use your tentacles to constrict eight enemies at once.
Your skin changes colour to match your surroundings (Stealth+).
Your rubbery body absorbs attacks. (AC +1, EV +1)
You are partially covered in large bone plates. (SH +4)
You are resistant to hostile enchantments. (MR+)
You passively map a small area around you.


Message History

Aim: a two-headed ogre, wielding a giant club and a giant spiked club (fast, chance to defeat MR: 37%)
The two-headed ogre is charmed.
This wand has 6 charges left.
What are your orders? t - Shout!
Orders for allies: a - Attack new target. p - Attack previous target. r - Retreat! s - Stop attacking. g - Guard the area. f - Follow me.
Anything else - Cancel.
Guard this area!
The two-headed ogre is no longer charmed.
Found 10 gold pieces.
You gain the combat prowess of a mighty hero.
The two-headed ogre hits you with a giant club!!
The two-headed ogre closely misses you.
As you read the scroll of teleportation, it crumbles to dust.
You feel strangely unstable.
The two-headed ogre hits you with a giant club!!
* * * LOW HITPOINT WARNING * * *
The two-headed ogre hits you with a giant spiked club!!
You die...

, * * ## .# , , , ,.#.##
* * $......# * * *....
... , #..# #.#* * #..#
#.# #..# #.#* # *
######@.###.##.#
#.....O......#.#
#.####..#......#### *
###.##.####.)...........
,
#..................#.###
#..##..............#,#
#..##...##..#......# #
#.......##..#.#...##.###
*
#..<#...##..#.#........
,


You could see a two-headed ogre.

Vanquished Creatures
  Erica (D:8)
  A two-headed ogre (D:7)
  Psyche (D:8)
  A spriggan (D:7)
  A hungry ghost (D:7)
  An orc warrior (D:6)
  2 ice beasts
  A phantom (D:7)
  4 ogres
  6 centaurs
  2 bullfrogs
  A wyvern zombie (D:6)
  6 big kobolds (Sewer)
  3 scorpions
  A howler monkey (D:6)
  A crimson imp (D:7)
  A hound (D:6)
  A quasit (D:7)
  Robin (D:4)
  A centaur zombie (D:6)
  The ghost of 4thArraOfDagon the Caller, a weakling FeSu (D:4)
  3 jellies
  3 bullfrog skeletons
  A human zombie (D:2)
  5 orc priests
  Jessica (D:2)
  2 iguanas
  9 orc wizards
  8 worker ants
  A killer bee zombie (D:5)
  A hound skeleton (D:4)
  2 gnolls (D:8)
  11 adders
  A river rat (Sewer)
  A shadow imp (D:7)
  3 oozes
  An adder skeleton (D:6)
  7 worms
  3 dart slugs
  4 leopard geckos
  22 orcs
  7 ball pythons
  4 giant cockroaches
  10 goblins
  7 hobgoblins
  6 jackals
  6 quokkas
  7 bats
  6 frilled lizards
  A jackal skeleton (D:5)
  20 kobolds
  A kobold skeleton (D:2)
  6 rats
208 creatures vanquished.

Vanquished Creatures (collateral kills)
  An orc wizard (D:4)
  3 orcs
  A giant cockroach (D:4)
  A hobgoblin (D:4)
  A quokka (D:8)
7 creatures vanquished.

Vanquished Creatures (others)
  2 orc priests (D:5)
  A gnoll (D:8)
  A worm (D:4)
  An orc (D:4)
5 creatures vanquished.

Grand Total: 220 creatures vanquished

Notes
Turn   | Place    | Note
-------+----------+-------------------------------------------
     0 | D:1      | Ijustatesigmund the Octopode Artificer began the quest for the Orb.
     0 | D:1      | Reached XP level 1. HP: 13/13 MP: 3/3
   119 | D:1      | Reached XP level 2. HP: 13/18 MP: 4/4
   524 | D:2      | Found a runed door.
   524 | D:2      | Noticed a human
   530 | D:2      | Found a basalt altar of Yredelemnul.
   545 | D:2      | Reached XP level 3. HP: 7/24 MP: 5/5
   703 | D:2      | Reached XP level 4. HP: 27/30 MP: 6/6
   742 | D:2      | Noticed Jessica
   750 | D:2      | Killed Jessica
   875 | D:2      | Found a shimmering altar of Xom.
  1407 | D:3      | Reached XP level 5. HP: 36/36 MP: 7/7
  2276 | D:4      | Gained mutation: You passively map a small area around you. [potion of mutation]
  2276 | D:4      | Gained mutation: You are partially covered in large bone plates. (SH +4) [potion of mutation]
  2276 | D:4      | Gained mutation: You are resistant to hostile enchantments. (MR+) [potion of mutation]
  2297 | D:4      | Reached XP level 6. HP: 43/43 MP: 8/8
  2358 | D:4      | Noticed 4thArraOfDagon's ghost (weakling FeSu)
  2406 | D:5      | Entered Level 5 of the Dungeon
  2461 | D:5      | Found Asijaps's Assorted Antiques.
  2465 | D:5      | Bought a scroll labeled OVVEKK GUIPOTH for 23 gold pieces
  2479 | D:5      | Found a white marble altar of Elyvilon.
  2622 | D:5      | Found a glowing drain.
  2639 | Sewer    | Entered a sewer
  2722 | Sewer    | Reached XP level 7. HP: 49/49 MP: 9/9
  2989 | Sewer    | Reached skill level 5 in Fighting
  3011 | Sewer    | Reached skill level 5 in Short Blades
  3215 | Sewer    | Reached XP level 8. HP: 56/56 MP: 10/10
  3303 | D:5      | Found a staircase to the Ecumenical Temple.
  3317 | Temple   | Entered the Ecumenical Temple
  3323 | Temple   | Became a worshipper of Warmaster Okawaru
  3428 | D:5      | Reached skill level 1 in Invocations
  3620 | D:5      | Found Syphaum's Assorted Antiques.
  3643 | D:5      | Bought a black potion for 24 gold pieces
  3643 | D:5      | Bought a fizzy coppery potion for 24 gold pieces
  3695 | D:5      | You fall through a shaft!
  3695 | D:6      | Found a deep blue altar of Sif Muna.
  4088 | D:5      | Reached * piety under Okawaru
  4096 | D:5      | Found Humirr's Book Boutique.
  4385 | D:6      | Found a glowing golden altar of the Shining One.
  4768 | D:7      | Reached XP level 9. HP: 56/63 MP: 12/12
  4984 | D:7      | Reached ** piety under Okawaru
  5022 | D:7      | Reached skill level 5 in Invocations
  5029 | D:7      | Found a hide-covered altar of Uskayaw.
  5215 | D:7      | Noticed a two-headed ogre
  5224 | D:7      | HP: 2/64 [two-headed ogre/giant club (28)]
  5226 | D:7      | Killed a two-headed ogre
  5226 | D:7      | Reached *** piety under Okawaru
  5481 | D:7      | Found a shimmering altar of Xom.
  5481 | D:7      | Found a shimmering altar of Xom.
  5481 | D:7      | Found a shimmering altar of Xom.
  5481 | D:7      | Found a shimmering altar of Xom.
  5482 | D:7      | Found a shimmering altar of Xom.
  5497 | D:7      | Reached XP level 10. HP: 68/72 MP: 13/15
  5498 | D:7      | Found a shimmering altar of Xom.
  5730 | D:8      | Noticed Psyche
  5745 | D:8      | Killed Psyche
  5745 | D:8      | Reached **** piety under Okawaru
  5849 | D:8      | Noticed Erica
  5876 | D:8      | HP: 1/72 [Erica/scimitar of flaming (7)]
  5877 | D:8      | Killed Erica
  5877 | D:8      | Reached skill level 5 in Stealth
  6013 | D:8      | Noticed a two-headed ogre
  6418 | D:4      | Noticed Robin
  6436 | D:4      | Received a gift from Okawaru
  6450 | D:4      | Killed 4thArraOfDagon's ghost
  6470 | D:4      | Killed Robin
  6815 | D:7      | Found a shimmering altar of Xom.
  6816 | D:7      | Found a shimmering altar of Xom.
  6817 | D:7      | Found a shimmering altar of Xom.
  6819 | D:7      | Found a shimmering altar of Xom.
  6864 | D:8      | Reached skill level 5 in Dodging
  6903 | D:8      | Mangled by a two-headed ogre

Vault maps used:
D:1:      scummos_arrival_hexagon, grunt_decor_resistance, interstate_on_off
D:2:      lemuel_crystal_altar, dk_yredelemnul_ordeal, uniq_jessica
D:4:      uniq_robin
D:5:      overflow_temple_1_default, temple_fountains, serial_shops, shop, shop,
          kennysheep_mini, first_bread, portal_sewer_entry_f
D:6:      nicolae_overflow_crystal_walls, basic_altar
D:7:      lemuel_crystal_altar, the_bakery, xom_shifter_show
D:8:      uniq_psyche, uniq_gastronok, uniq_erica
Temple:   nicolae_temple_x_marks_the_god
Sewer:    sewer_co_tree

Skill      XL: |  1  2  3  4  5  6  7  8  9 10 |
---------------+-------------------------------+-----
Fighting       | 2 3 4 5 6 8 |  8.3
Short Blades   | 2 3 4 5 6 8 |  8.4
Dodging        | 3 4 5 |  5.0
Invocations    | 4 6 8 |  8.6
Stealth        | 5 |  5.5
Evocations     | |  3.2

Action                   |  1- 3 |  4- 6 |  7- 9 | 10-12 || total
-------------------------+-------+-------+-------+-------++-------
Melee: Short sword       |    44 |   143 |     9 |   142 ||   338
       Constrict         |    12 |    36 |    40 |    31 ||   119
       Tentacles         |     7 |    37 |    70 |    44 ||   158
       Dagger            |       |       |   270 |     7 ||   277
Invok: Heroism           |       |       |       |     1 ||     1
Evoke: Wand              |     2 |     4 |    20 |    10 ||    36
  Use: Potion            |     4 |     2 |     2 |     1 ||     9
       Scroll            |       |    11 |     9 |     5 ||    25
 Stab: Sleeping          |     5 |     3 |    19 |     5 ||    32
       Distracted        |       |       |     2 |     3 ||     5
  Eat: Chunk             |       |     3 |     6 |     4 ||    13
       Bread ration      |       |     1 |     1 |     1 ||     3
Armor: Skin              |       |     9 |     7 |     5 ||    21
Dodge: Dodged            |    16 |   121 |   111 |    78 ||   326
Block: Other             |       |     9 |    37 |    12 ||    58
